AoeStats
← ZamSerg

Pilgrims

507895086Analyzed
4v4 RM · 12d ago on Sep 20, 2026· 27m 0s· 8 players
Game mode
Random Map
Map size
Large (8 player)
Population
200
Speed
Normal
Resources
Standard
Victory
Conquest
Starting age
Dark Age
Ending age
Imperial Age
RankedLock teamsTeams togetherTeam positionsShared explorationLock speedFull tech treeHidden civsTurbo modeCheats
Victory
Defeat
🇷🇺 Celts · Russia
1241
+14
🇲🇽 Teutons · Mexico
1221
+15
🇲🇽 Vietnamese · Mexico
1201
+16
🇳🇿 Armenians · New Zealand
1197
+16
🇹🇼 Shu · Taiwan
1239
-17
🇨🇳 Italians · China
1200
-15
🇦🇷 Bohemians · Argentina
1196
-15
1170
-14
Sonaron Disparos
4:38 Loom
12:11 Feudal Age
12:50 Double-Bit Axe
13:46 Fishing Lines
17:54 Castle Age
16:08 Fletching
17:54 Padded Archer Armor
19:23 Bow Saw
19:10 Bodkin Arrow
19:05 Crossbowman
19:44 Gillnets
19:58 Horse Collar
20:51 Leather Archer Armor
20:43 Gold Mining
23:12 Thumb Ring
Ux'BorealTulip
5:54 Loom
10:34 Feudal Age
15:42 Double-Bit Axe
16:07 Fletching
17:35 Forging
22:26 Castle Age
23:05 Bodkin Arrow
23:24 Town Watch
23:56 Guard Tower
rukas
10:04 Feudal Age
10:30 Double-Bit Axe
12:10 Gold Mining
15:47 Castle Age
14:15 Man-at-Arms
15:07 Forging
14:57 Scale Mail Armor
14:58 Long Swordsman
15:50 Horse Collar
16:55 Two-Handed Swordsman
19:17 Bow Saw
20:03 Heavy Plow
22:04 Chain Mail Armor
21:52 Arson
22:31 Loom
23:32 Iron Casting
27:41 Gold Shaft Mining
26:57 Stone Mining
ZamSerg
10:31 Loom
17:32 Feudal Age
18:23 Double-Bit Axe
18:10 Man-at-Arms
19:47 Fishing Lines
21:24 Wheelbarrow
24:32 Castle Age
22:44 Scale Mail Armor
22:55 Fletching
24:08 Gold Mining
24:43 Long Swordsman
25:11 Gambesons
R
6:04 Loom
10:28 Feudal Age
12:01 Double-Bit Axe
14:05 Fletching
17:01 Castle Age
15:03 Padded Archer Armor
15:19 Horse Collar
18:11 Thumb Ring
18:55 Crossbowman
20:27 Bodkin Arrow
23:12 Leather Archer Armor
24:16 Bow Saw
24:20 Heavy Plow
connell
13:20 Feudal Age
21:08 Castle Age
24:14 Double-Bit Axe
heavensent
12:44 Feudal Age
11:00 Loom
17:20 Castle Age
16:44 Fishing Lines
20:36 Wheelbarrow
21:31 Double-Bit Axe
26:21 Hand Cart
ሰላምنعمة˙ʞɐɥʇ
4:32 Loom
14:11 Feudal Age
18:04 Castle Age
18:05 Town Watch
19:28 Scale Mail Armor
19:51 Forging
22:21 Iron Casting
22:51 Fletching
Connection lost

Rejoining the realm…

Still unreachable

The connection could not be restored.

Session expired

The server has moved on; the page needs a fresh start.